 Dungeon Crawl Stone Soup version 0.23-a0-32-g1388f29 (webtiles) character file.

234 inc the Magician (level 5, -2/35 HPs)
             Began as a Mummy Fire Elementalist on Aug 4, 2018.
             Slain by an orc
             ... wielding a +0 hand axe
              (6 damage)
             ... on level 3 of the Dungeon.
             The game lasted 00:04:40 (4162 turns).

inc the Magician (Mummy Fire Elementalist)          Turns: 4162, Time: 00:04:40

Health: -2/35      AC:  3    Str: 11    XL:     5   Next: 75%
Magic:  6/11       EV: 12    Int: 15    God:
Gold:   117        SH:  0    Dex: 13    Spells: 11/12 levels left

rFire    x . .     SeeInvis .   m - +1 dagger (elec)
rCold    + . .     Gourm    .   (no shield)
rNeg     + + +     Faith    .   a - +0 robe
rPois    ∞         Spirit   .   (no helmet)
rElec    .         Reflect  .   (no cloak)
rCorr    .         Harm     .   i - +0 pair of gloves
MR       .....                  (no boots)
Stlth    ++........             (no amulet)
HPRegen  0.11/turn              n - ring of flight
MPRegen  0.12/turn              (no ring)

@: no status effects
A: no food or potions, fire vulnerability, cold resistance 1, negative energy
resistance 3, torment resistance, unbreathing
a: Evoke Flight


You were on level 3 of the Dungeon.
You were not hungry.

You visited 1 branch of the dungeon, and saw 4 of its levels.

You collected 117 gold pieces.

Inventory:

Hand Weapons
 f - a +0 dagger
 m - a +1 dagger of electrocution (weapon)
Armour
 a - a +0 robe (worn)
 i - a +0 pair of gloves (worn)
Jewellery
 n - a ring of flight (left hand)
Scrolls
 b - a scroll of magic mapping {unknown}
 c - a scroll of enchant armour {unknown}
 d - a scroll of blinking {unknown}
 e - a scroll of fear {unknown}
 g - a scroll of immolation {unknown}
 h - 2 scrolls of identify {unknown}
 j - 3 scrolls of remove curse {unknown}
 l - a scroll of teleportation {unknown}


   Skills:
 - Level 1.5 Dodging
 - Level 1.5 Stealth
 + Level 4.0 Spellcasting
 + Level 3.5 Conjurations
 + Level 3.4 Fire Magic


You had 11 spell levels left.
You knew the following spells:

 Your Spells              Type           Power        Failure   Level  Hunger
a - Flame Tongue          Conj/Fire      ##...        4%          1    N/A

Your spell library contained the following spells:

 Spells                   Type           Power        Failure   Level  Hunger
 Fireball                 Conj/Fire      ##........   77%         5    N/A
 Conjure Flame            Conj/Fire      ##......     13%         3    N/A
 Throw Flame              Conj/Fire      ##....       7%          2    N/A
 Sticky Flame             Conj/Fire      ##......     41%         4    N/A
 Inner Flame              Hex/Fire       #.......     26%         3    N/A

Dungeon Overview and Level Annotations

Branches:
Dungeon (4/15)
 Temple: D:4-7

Altars:


Innate Abilities, Weirdness & Mutations

You do not eat or drink.
Your flesh is vulnerable to fire.
You are immune to poison.
Your flesh is cold resistant. (rC+)
You are immune to negative energy. (rN+++)
You are immune to unholy pain and torment.
You can survive without breathing.


Message History

Unknown command.
Okay, then.
The orc wizard gestures wildly while chanting.
The orc wizard blinks!
The orc hits you but does no damage.
Okay, then.
The orc wizard mumbles some strange words.
The orc wizard blinks!
Your magical contamination has completely faded away.
The orc wizard mumbles some strange words.
The orc wizard blinks!
There is an open door here.
Things that are here:
a jackal corpse x2
There is a stone staircase leading up here.
The orc misses you. The orc closely misses you.
You climb upwards.
There is a stone staircase leading down here.
The orc hits you with a hand axe.
You die...

#..(....# #.#
#.#.###.#########.######
#......>...............#
#.....#................#
#.#.#.#................#
##.#.#.#..........##....#
#....#.#.<..............#
#..###.#......o#........#
#..###.#.......@.##.##.##
#......#########.....>.# #.######
#.##.#### #.# #.##.# #.#
######.##.# #.# #......##.#
#.#########.#######.############
##........##.#...................
#########......#####.##.##.######


You could see an orc.

Vanquished Creatures
  An orc priest (D:4)
  An orc wizard (D:2)
  6 gnolls
  4 adders
  A dart slug (D:2)
  5 orcs
  11 bats
  4 giant cockroaches
  7 goblins
  6 hobgoblins
  9 jackals
  7 kobolds
  3 quokkas
  2 ball pythons (D:1)
  4 frilled lizards
  8 rats
79 creatures vanquished.

Notes
Turn   | Place    | Note
-------+----------+-------------------------------------------
     0 | D:1      | inc the Mummy Fire Elementalist began the quest for the Orb.
     0 | D:1      | Reached XP level 1. HP: 13/13 MP: 4/4
    80 | D:1      | Reached skill level 1 in Conjurations
   339 | D:1      | Reached XP level 2. HP: 19/19 MP: 3/5
  1333 | D:2      | Reached XP level 3. HP: 23/24 MP: 0/7
  1903 | D:2      | Reached skill level 3 in Spellcasting
  1903 | D:2      | Reached XP level 4. HP: 30/30 MP: 1/8
  3090 | D:3      | Reached XP level 5. HP: 9/35 MP: 0/10
  4125 | D:4      | Reached skill level 4 in Spellcasting
  4140 | D:4      | HP: 1/35 [orc wizard/magic dart (6)]
  4162 | D:3      | Slain by an orc

Vault maps used:
D:1:      dpeg_arrival_arbitrary_a
D:4:      uniq_edmund

Skill      XL: |  1  2  3  4  5 |
---------------+----------------+-----
Conjurations   | 1 2 3 |  3.5
Spellcasting   | 3 4 |  4.0
Fire Magic     | 3 |  3.4
Dodging        | |  1.5
Stealth        | |  1.5

Action                   |  1- 3 |  4- 6 || total
-------------------------+-------+-------++-------
Melee: Unarmed           |     3 |       ||     3
       Dagger            |     1 |     5 ||     6
 Cast: Flame Tongue      |    59 |   108 ||   167
Armor: Robe              |     7 |     4 ||    11
Dodge: Dodged            |    16 |    50 ||    66

Table legend:
 A = Spawn XP
 B = Non-spawn XP
 C = Spawn XP percentage of total XP
 D = Spawn monster count
 E = Non-spawn monster count
 F = Spawn count percentage of total count
 G = Total turns spent on level
                    A         B        C        D         E        F      G
               +---------+---------+-------+---------+---------+-------+---------
         Total |       0 |     335 |   0.0 |       0 |      79 |   0.0 |  4162
               +---------+---------+-------+---------+---------+-------+---------
           D:1 |       0 |      32 |   0.0 |       0 |      21 |   0.0 |  1307
           D:2 |       0 |     127 |   0.0 |       0 |      28 |   0.0 |  1563
           D:3 |       0 |     127 |   0.0 |       0 |      26 |   0.0 |  1169
           D:4 |       0 |      49 |   0.0 |       0 |       4 |   0.0 |   123
               +---------+---------+-------+---------+---------+-------+---------
